 Dungeon Crawl Stone Soup version 0.29.0-11-gd7f09526c8 (webtiles) character file.

Game seed: 9104028839730690627

247 experimilk the Chopper (level 5, -6/44 HPs)
             Began as a Palentonga Fighter on Sept 4, 2022.
             Was a Follower of Makhleb.
             Mangled by Pikel
             ... wielding a +1 whip of electrocution
              (11 damage)
             ... on level 4 of the Dungeon.
             The game lasted 00:07:25 (3588 turns).

experimilk the Chopper (Palentonga Fighter)         Turns: 3588, Time: 00:07:25

Health: -6/44      AC:  7    Str: 23    XL:     5   Next: 85%
Magic:  5/5        EV:  8    Int:  9    God:    Makhleb [*.....]
Gold:   140        SH:  4    Dex:  9    Spells: 4/4 levels left

rFire   . . .      SeeInvis +   a - +0 war axe
rCold   . . .      Faith    .   c - +0 buckler
rNeg    . . .      Spirit   .   r - +3 leather armour
rPois   .          Reflect  .   (no helmet)
rElec   .          Harm     .   (no cloak)
rCorr   .          Rampage  .   (no gloves)
Will    .....                   (no barding)
Stlth   +.........              (no amulet)
HPRegen 0.14/turn               (no ring)
MPRegen 0.09/turn               (no ring)

@: mighty
A: large, rugged brown scales 3, see invisible, deformed body, roll 1, armoured
tail
a: Rolling Charge, Renounce Religion


You were on level 4 of the Dungeon.
You worshipped Makhleb.
Makhleb was aware of your devotion.
You visited 1 branch of the dungeon, and saw 4 of its levels.

You collected 260 gold pieces.
You spent 120 gold pieces at shops.

Inventory:

Hand Weapons
 a - a +0 war axe (weapon)
Armour
 c - a +0 buckler (worn)
 g - a +0 ring mail
 p - a +0 chain mail
 r - a +3 leather armour (worn)
Scrolls
 b - a scroll of butterflies {unknown}
 e - a scroll of teleportation {unknown}
 j - a scroll of summoning {unknown}
 l - a scroll of blinking
 n - a scroll of enchant weapon {unknown}
 q - a scroll of fear {unknown}
 s - a scroll of silence {unknown}
Potions
 d - a potion of might
 f - 3 potions of curing
 h - a potion of heal wounds
 i - a potion of resistance
 k - 2 potions of cancellation
 m - a potion of mutation
 o - a potion of magic


   Skills:
 + Level 4.2 Fighting
 * Level 4.6 Axes
 - Level 3.0 Armour
 - Level 3.0 Shields
 + Level 1.0 Invocations


You had 4 spell levels left.
You didn't know any spells.
Your spell library contained the following spells:

 Spells                   Type           Power      Damage    Failure   Level
 Necrotise                Necr           0%         1d4       50%         1
 Ensorcelled Hibernation  Hex/Ice        0%         N/A       65%         2
 Passwall                 Tmut/Erth      0%         N/A       65%         2
 Swiftness                Air            0%         N/A       86%         3
 Vampiric Draining        Necr           0%         2d6       86%         3
 Agony                    Necr           0%         N/A       100%        5


Dungeon Overview and Level Annotations

Branches:
Dungeon (4/15)
 Temple: D:4-7

Altars:
Makhleb

Shops:
D:1 =   D:2 *

Annotations:
D:4 Pikel


Innate Abilities, Weirdness & Mutations

You are completely covered in rugged brown scales. (AC +3, +7% HP)
You have supernaturally acute eyesight. (SInv)
Armour fits poorly on your strangely shaped body.
You can roll at nearby foes to attack.
You have a long armoured tail.


Message History

A lemure comes into view.
The lemure shouts!
The lemure moves out of view.
Pikel, Merchant of Souls comes into view.
He is wielding a +1 whip of electrocution.
Things that are here:
a +0 mace; an orc corpse Unknown command.
Okay, then.
You feel very mighty all of a sudden.
Roll where?
Press: ? - help, Dir - move target, f - orc
Aim: an orc, wielding a +0 club and wearing a +6 ring of dexterity You roll forward with a clatter of scales! 3 lemures and a hobgoblin come into view.
The lemure shouts! x2
You slice the orc!!
You kill the orc!
Makhleb accepts your kill.
The lemure moves out of view. x2
You barely miss the orc wizard.
The orc wizard hits you but does no damage.
You slice the orc wizard!!
You kill the orc wizard!
Makhleb accepts your kill. The lemure hits you.
Your Invocations skill increases to level 1!
A quokka comes into view.
The lemure hits you! The lemure hits you.
You slash Pikel!
Pikel is moderately wounded.
You miss the lemure.
You hit the lemure. x2; You barely miss the lemure.
The lemure hits you. You block the lemure's attack.
Pikel hits you but does no damage.
You are electrocuted!
The lemure hits you.
* * * LOW HITPOINT WARNING * * *
The lemure hits you.
* * * LOW HITPOINT WARNING * * *
The lemure attacks as you move away! The lemure hits you.
* * * LOW HITPOINT WARNING * * *
Pikel hits you but does no damage.
You are electrocuted!
You die...

#...##....# ......
#.........##......
##....##.†.#..##..
###.....###.<..#.#.
#......## #.>......
##<.....###.#...##.
#.........)#...#
#...............#
..........@K###....
....####...555# ....
#....##....##5g......
......#...###........
........... ##...r...
.... ....... ##.
....... #. .###..# ##
#.#


You could see Pikel, 4 lemures, a quokka and a hobgoblin.

Vanquished Creatures
  Jessica (D:2)
  An iguana (D:2)
  An orc wizard (D:4)
  3 gnolls (D:3)
  5 adders
  4 worms
  3 dart slugs
  3 orcs
  8 bats
  An endoplasm (D:2)
  2 giant cockroaches
  9 goblins
  9 hobgoblins
  2 jackals (D:1)
  7 quokkas
  6 ball pythons
  4 frilled lizards
  8 kobolds
  2 rats
79 creatures vanquished.

Notes
Turn   | Place    | Note
-------+----------+-------------------------------------------
     0 | D:1      | experimilk the Palentonga Fighter began the quest for the
                  | Orb.
     0 | D:1      | Reached XP level 1. HP: 19/19 MP: 1/1
   122 | D:1      | Found Xonu's Jewellery Boutique.
   128 | D:1      | Reached XP level 2. HP: 14/25 MP: 2/2
   910 | D:1      | Reached XP level 3. HP: 27/31 MP: 3/3
  1407 | D:2      | Reached XP level 4. HP: 37/37 MP: 4/4
  1445 | D:2      | Found a burning altar of Makhleb.
  1499 | D:2      | Became a worshipper of Makhleb the Destroyer
  1931 | D:2      | Found Ybellait's Assorted Antiques.
  2052 | D:2      | Bought a scroll of identify for 60 gold pieces
  2052 | D:2      | Bought a scroll of identify for 60 gold pieces
  2066 | D:2      | Noticed Jessica
  2068 | D:2      | Killed Jessica
  2242 | D:2      | Reached XP level 5. HP: 32/44 MP: 5/5
  2587 | D:2      | Found a faded altar of an unknown god.
  2868 | D:3      | Reached * piety under Makhleb
  3580 | D:4      | Noticed a lemure
  3581 | D:4      | Noticed Pikel
  3582 | D:4      | Noticed a lemure
  3582 | D:4      | Noticed a lemure
  3582 | D:4      | Noticed a lemure
  3585 | D:4      | Reached skill level 1 in Invocations
  3588 | D:4      | Mangled by Pikel

Illustrated notes

Levels and vault maps discovered:
D:1:      minmay_arrival_cross, layout_basic, serial_shops,
          nicolae_shop_advertising_works [nicolae_subvault_shop_adworks]
D:2:      minmay_general_purpose_star, layout_basic, basic_altar, serial_shops,
          shop_fountains, shapermc_ecumenical_altar_petra, uniq_jessica
D:3:      layout_rooms, dk_noncrumbling_4, moated_statue
D:4:      layout_cave_pools, vehumet_crystals,
          mainiacjoe_overflow_catwalk_spiral, chequers_jeans, uniq_eustachio,
          uniq_ijyb, uniq_pikel

Skill      XL: |  1  2  3  4  5 |
---------------+----------------+-----
Shields        | 3 |  3.0
Axes           | 3 4 |  4.6
Armour         | 3 |  3.0
Fighting       | 4 |  4.2
Invocations    | 1 |  1.0

Action                   |  1- 3 |  4- 6 || total
-------------------------+-------+-------++-------
Melee: War axe           |    82 |    97 ||   179
       Tailslap          |     6 |    10 ||    16
 Abil: Rolling Charge    |    15 |    28 ||    43
  Use: Scroll            |     2 |     5 ||     7
       Potion            |     1 |     1 ||     2
Armor: Scale mail        |     5 |       ||     5
       Ring mail         |    34 |    19 ||    53
       Leather armour    |       |    20 ||    20
Dodge: Dodged            |    30 |    26 ||    56
Block: Buckler           |    14 |     8 ||    22
